Map: Neon Violet Square LE

Players

CatZ

  • Race: Zerg Zerg
  • League: Grandmaster
  • Spawn Location: 5:00

Neeb - Winner!

  • Race: Protoss Protoss
  • Spawn Location: 11:00

VOD

Have the link to the VOD?

Description

Time

  • Played on: Feb. 3, 2018, 2:35 p.m.
  • Length: 9:31
Show
View Real Time Build Order
Export as new Build Order

CatZ Zerg 

Build Orders: Pool First, Swarm Host 

Get SALT Encoding   

  12  0:01  Drone  
  13  0:08  Drone  
  14  0:18  Overlord  
  14  0:23  Extractor  
  14  0:24  Drone  
  15  0:37  Drone x2  
  17  0:45  Spawning Pool  
  16  0:50  Drone  
  16  0:53  Extractor  
  16  1:00  Drone  
  17  1:06  Drone  
  18  1:17  Drone  
  19  1:29  Hatchery  
  19  1:32  Zergling x2  
  19  1:38  Zergling x2  
  20  1:49  Drone  
  20  1:52  Metabolic Boost  
  21  2:02  Overlord  
  21  2:17  Zergling x2  
  22  2:24  Zergling x2  
  22  2:29  Lair  
  23  2:43  Extractor  
  22  2:55  Drone x2  
  22  2:56  Drone  
  25  3:03  Queen  
  27  3:07  Zergling x2  
  27  3:09  Zergling x2  
  28  3:15  Drone  
  26  3:21  Drone  
  26  3:23  Extractor  
  26  3:24  Drone  
  27  3:32  Infestation Pit, Zergling x2  
  27  3:38  Drone x2, Extractor  
  30  3:55  Overlord  
  30  4:02  Drone  
  29  4:15  Swarm Host x4  
  40  4:25  Swarm Host  
  43  4:38  Overlord x2  
  43  4:51  Overlord  
  43  4:56  Spine Crawler  
  42  5:02  Swarm Host  
  45  5:09  Swarm Host  
  48  5:20  Swarm Host  
  49  5:27  Zergling x2  
  47  5:29  Zergling x2  
  48  5:48  Swarm Host  
  48  5:49  Swarm Host  
  54  5:53  Swarm Host  
  57  6:00  Swarm Host  
  57  6:04  Zergling x4  
  60  6:10  Zergling x2  
  62  6:15  Overlord  
  61  6:25  Spine Crawler  
  60  6:35  Swarm Host x2  
  37  7:28  Overlord  
  34  7:38  Overlord  
  32  8:02  Drone  
  32  8:03  Drone x2  
  35  8:21  Swarm Host  
  38  8:49  Overlord  
Show
View Real Time Build Order
Export as new Build Order

Neeb Protoss - Winner!

Build Orders: 1 Gate Expand, Colossus Rush 

Get SALT Encoding   

  12  0:00  Probe  
  13  0:12  Probe  
  14  0:19  Pylon  
  14  0:25  Probe  
  15  0:31  Assimilator  
  15  0:37  Probe (Chrono Boost)  
  16  0:45  Gateway  
  17  0:50  Probe (Chrono Boost)  
  17  0:55  Probe (Chrono Boost)  
  18  1:05  Probe  
  19  1:17  Probe  
  20  1:27  Nexus  
  20  1:36  Cybernetics Core  
  20  1:39  Probe  
  21  1:48  Assimilator  
  21  1:51  Probe  
  22  1:55  Pylon  
  22  2:03  Probe  
  23  2:11  Adept (Chrono Boost)  
  24  2:17  Probe  
  25  2:23  Robotics Facility  
  25  2:29  Probe  
  26  2:30  Adept  
  28  2:37  Pylon  
  28  2:52  Warp Gate  
  28  2:56  Shield Battery  
  30  2:58  Adept  
  30  3:00  Probe x2  
  32  3:12  Probe x2  
  34  3:19  Immortal (Chrono Boost)  
  34  3:25  Probe  
  35  3:27  Probe  
  36  3:38  Probe  
  36  3:39  Probe  
  38  3:44  Sentry  
  38  3:48  Immortal (Chrono Boost)  
  40  3:50  Probe  
  40  3:51  Probe  
  46  3:58  Pylon  
  46  4:02  Probe  
  47  4:04  Probe  
  48  4:14  Probe  
  48  4:16  Probe  
  48  4:17  Warp Prism (Chrono Boost)  
  48  4:23  Pylon  
  50  4:26  Probe  
  50  4:30  Pylon  
  52  4:31  Assimilator  
  52  4:43  Immortal (Chrono Boost)  
  51  4:46  Gateway  
  51  4:47  Gateway  
  55  4:58  Probe  
  55  4:59  Probe  
  57  5:03  Robotics Bay  
  57  5:12  Shield Battery  
  57  5:13  Adept, Shield Battery  
  59  5:17  Immortal (Chrono Boost)  
  63  5:22  Probe x2  
  65  5:35  Stalker  
  67  5:43  Stalker  
  67  5:49  Pylon  
  69  5:51  Pylon  
  69  5:56  Colossus (Chrono Boost)  
  70  5:58  Pylon  
  70  5:59  Assimilator  
  70  6:00  Probe  
  70  6:07  Probe  
  77  6:13  Adept x2  
  77  6:14  Probe  
  77  6:16  Extended Thermal Lance (Chrono Boost)  
  82  6:24  Pylon  
  82  6:27  Stalker  
  79  6:47  Colossus (Chrono Boost), Shield Battery x2  
  85  6:58  Stalker x2  
  89  7:10  Stalker  
  87  7:25  Nexus  
  87  7:41  Pylon  
  87  7:42  Pylon  
  87  7:59  Colossus  
  93  8:06  Stalker x3  
  99  8:14  Pylon  
  99  8:15  Pylon  
  99  8:26  Probe  
  100  8:38  Probe, Stalker x3  
  100  8:40  Probe  
  95  8:50  Probe  
  96  8:59  Probe  
Tags
 
Add a new tag
Caveats
  • Supply blocks, unpowered buildings, or Contaminate may cause inaccurate times.
  • Supply counts are checked every 10 seconds.